 Dungeon Crawl Stone Soup version 0.31.0-11-ge490571c62 (webtiles) character file.

Game seed: 2851755789181070158

95 qw the Shooter (level 4, -9/25 HPs)
             Began as a Deep Elf Hunter on Feb 4, 2024.
             Killed by divine providence
             ... invoked by an orc priest
              (11 damage)
             ... on level 4 of the Dungeon.
             The game lasted 00:00:07 (2484 turns).

qw the Shooter (Deep Elf Hunter)                    Turns: 2484, Time: 00:00:07

Health: -9/25      AC:  6    Str: 10    XL:     4   Next: 39%
Magic:  6/6        EV: 12    Int: 14    God:
Gold:   197        SH:  0    Dex: 18    Spells: 3/3 levels left

rFire   . . .        a - +0 shortbow
rCold   + . .        (shield currently unavailable)
rNeg    . . .        f - +1 leather armour {rC+}
rPois   .            (no helmet)
rElec   .            (no cloak)
rCorr   .            l - +0 pair of gloves
SInv    .            i - +0 pair of boots
Will    +....        (no amulet)
Stlth   ++           d - ring of willpower
HPRegen 0.24/turn    (no ring)
MPRegen 0.10/turn

%: no passive effects
@: no status effects
A: no striking features
a: no special abilities


You were on level 4 of the Dungeon.
You visited 1 branch of the dungeon, and saw 4 of its levels.

You collected 197 gold pieces.


   Skills:
 - Level 1.5 Fighting
 + Level 7.8 Ranged Weapons
 - Level 2.4 Dodging
 - Level 1.2 Stealth


You had 3 spell levels left.
You didn't know any spells.
Your spell library was empty.

Inventory:

Hand Weapons
 a - a +0 shortbow (weapon)
Armour
 f - a +1 leather armour of cold resistance (worn)
 i - a +0 pair of boots (worn)
 k - a +0 ring mail
 l - a +0 pair of gloves (worn)
Jewellery
 d - a ring of willpower (left hand)
Scrolls
 h - a scroll of identify
Potions
 b - a potion of curing
 c - a potion of enlightenment {unknown}
 e - 2 potions of haste
 g - a potion of resistance {unknown}

Dungeon Overview and Level Annotations

Branches:
Dungeon (4/15)
 Temple: D:4-7

Altars:

Shops:
D:3 (

Annotations:
D:2 1 runed translucent door, Crazy Yiuf


Message History

The orc is severely wounded.
The orc hits you with a +0 club. The orc barely misses you.
You shoot an arrow. The arrow hits the orc.
You kill the orc!
The orc barely misses you.
You shoot an arrow. The arrow hits the orc priest.
The orc priest is lightly wounded.
The orc hits you but does no damage. The orc priest closely misses you.
You shoot an arrow.
The arrow completely misses the orc priest.
The orc hits you with a +0 club.
The orc priest hits you but does no damage.
You shoot an arrow. The arrow barely misses the orc priest.
The orc hits you but does no damage.
The orc priest hits you with a +0 dagger.
You shoot an arrow. The arrow hits the orc priest.
The orc priest is lightly wounded.
The orc barely misses you. The orc priest closely misses you.
You shoot an arrow. The arrow hits the orc priest!
The orc priest is heavily wounded.
The orc closely misses you.
The orc priest hits you but does no damage.
You shoot an arrow. The arrow hits the orc priest.
The orc priest is severely wounded.
The orc hits you but does no damage.
The orc priest looks encouraged for a moment.
The orc barely misses you.
You shoot an arrow. The arrow barely misses the orc priest.
The orc priest misses you. The orc barely misses you.
The orc priest hits you with a +0 dagger.
You shoot an arrow.
The arrow hits the orc priest but does no damage.
The orc priest is severely wounded.
The orc barely misses you.
The orc priest hits you but does no damage.
You shoot an arrow. The arrow barely misses the orc priest.
The orc barely misses you.
The orc priest calls down the wrath of Beogh upon you.
Beogh smites you!
You die...

#####################
....)...)..........>#
.###.##.###########.##
#...##..# #.....# #
#.....#######.##..##
#.#...#..............#
f###.###.#.#######......#
.........#.# ..........#
####...o@..# .######'###
#.##o#### #.# .. #).)o..#
#.# #.# #......... #.# .
#.#..#.### ##.# #. #.# ..
#..# #. .# #. ##.## .. ..
##..# ## #.. #..##


You could see an orc priest and an orc.

Vanquished Creatures
  4 adders
  A dart slug (D:1)
  6 orcs (D:4)
  3 endoplasms
  A giant cockroach (D:2)
  4 hobgoblins
  4 jackals (D:3)
  2 quokkas
  7 ball pythons
  A bat (D:1)
  A frilled lizard (D:1)
  4 goblins
  5 kobolds
  4 rats
47 creatures vanquished.

Notes
Turn   | Place    | Note
-------+----------+-------------------------------------------
     0 | D:1      | qw the Deep Elf Hunter began the quest for the Orb.
     0 | D:1      | Reached XP level 1. HP: 12/12 MP: 3/3
     0 | D:1      | 0 ||| qw: Version: 0.3-a-160-g6735b56
     0 | D:1      | 0 ||| qw: Game counter: 4679
     0 | D:1      | 0 ||| qw: Melee chars always use a shield: true
     0 | D:1      | 0 ||| qw: God list: Okawaru
     0 | D:1      | 0 ||| qw: Allow faded altars: false
     0 | D:1      | 0 ||| qw: Do Orc after clearing Dungeon:15 true
     0 | D:1      | 0 ||| qw: Do second Lair branch before Depths: true
     0 | D:1      | 0 ||| qw: Lair rune preference: random
     0 | D:1      | 0 ||| qw: Goals: Normal
     0 | D:1      | 0 ||| PLANNING D:1-11
   253 | D:1      | HP: 1/12 [quokka (4)]
   351 | D:1      | Reached skill level 6 in Ranged Weapons
   351 | D:1      | Reached XP level 2. HP: 16/16 MP: 4/4
   614 | D:1      | 614 ||| UPGRADING to +0 pair of boots.
   619 | D:1      | 619 ||| UPGRADING to ring of willpower.
   620 | D:1      | 620 ||| READING scroll labelled OLIRIM WIUPP.
   621 | D:1      | 621 ||| READING 3 scrolls labelled IMPIGHYTUA.
   621 | D:1      | 621 ||| IDENTIFYING blue potion
   622 | D:1      | 622 ||| READING 2 scrolls of identify.
   622 | D:1      | 622 ||| IDENTIFYING 2 sapphire potions
   623 | D:1      | 623 ||| DROPPING scroll of butterflies.
   624 | D:1      | 624 ||| DROPPING potion of attraction.
   665 | D:2      | Reached XP level 3. HP: 20/20 MP: 5/5
  1031 | D:2      | Found a faded altar of an unknown god.
  1058 | D:2      | Reached skill level 7 in Ranged Weapons
  1331 | D:2      | Found a runed translucent door.
  1332 | D:2      | Noticed Crazy Yiuf
  1335 | D:2      | 1335 ||| UPGRADING to +1 leather armour of cold resistance.
  1345 | D:2      | 1345 ||| DROPPING +0 leather armour.
  1346 | D:2      | 1346 ||| UPGRADING to +0 pair of gloves.
  1351 | D:2      | 1351 ||| DROPPING ring of wizardry.
  1352 | D:2      | 1352 ||| READING scroll of identify.
  1352 | D:2      | 1352 ||| IDENTIFYING fizzy black potion
  1353 | D:2      | 1353 ||| READING scroll labelled ZEGGUD DIONICI.
  1584 | D:3      | Found Efox's Weapon Emporium.
  1591 | D:3      | 1591 ||| SHOPLISTING +4 orcbow of Darkness {freeze, rElec
                  | Str-4 Dex+2} (361 gold, have 134).
  2110 | D:3      | Reached XP level 4. HP: 25/25 MP: 6/6
  2219 | D:3      | 2219 ||| READING scroll labelled ZOF ROARIMEWUM.
  2320 | D:3      | 2320 ||| READING scroll labelled ROACSI BOYN.
  2465 | D:4      | 2465 ||| RETREEEEATING.
  2474 | D:4      | HP: 4/25 [orc/+0 club (5)]
  2478 | D:4      | HP: 1/25 [orc priest/+0 dagger (3)]
  2484 | D:4      | Killed from afar by an orc priest

Levels and vault maps discovered:
D:1:      dpeg_arrival_castle, layout_loops_cross
D:2:      layout_loops_ring, dreamdust_ecumenical_altar_angels_and_demons,
          uniq_crazy_yiuf_cottage
D:3:      layout_basic, serial_curves, eino_curves_01, eino_curves_01,
          serial_shops, nicolae_shop_tiny_statue_garden, minmay_pentangle
D:4:      layout_basic, bloody_makhleb, uniq_eustachio, uniq_duvessa

Skill      XL: |  1  2  3 |
---------------+----------+-----
Ranged Weapons | 6 7 |  7.8
Fighting       | |  1.5
Dodging        | |  2.4
Stealth        | |  1.2

Action                     |  1- 3 |  4- 6 || total
---------------------------+-------+-------++-------
   Fire: Shortbow          |    84 |    47 ||   131
    Use: Scroll            |     5 |     2 ||     7
 Armour: Leather armour    |    26 |    18 ||    44
  Dodge: Dodged            |    19 |    28 ||    47

Table legend:
 A = Non-vault XP
 B = Vault XP
 C = Vault XP percentage of total XP
 D = Non-vault monster count
 E = Vault monster count
 F = Vault count percentage of total count
                 A         B        C        D         E       F
            +---------+---------+-------+---------+---------+-------
      Total |     128 |       8 |   5.9 |      42 |       5 |  10.6
            +---------+---------+-------+---------+---------+-------
        D:1 |      19 |       0 |   0.0 |      11 |       0 |   0.0
        D:2 |      57 |       0 |   0.0 |      12 |       0 |   0.0
        D:3 |      17 |       8 |  32.0 |      10 |       5 |  33.3
        D:4 |      35 |       0 |   0.0 |       9 |       0 |   0.0
            +---------+---------+-------+---------+---------+-------
